 Dungeon Crawl Stone Soup version 0.18-a0-1343-g48c8f86 (webtiles) character file.

1639 M4edhros the Covert (level 8, -2/48 HPs)
             Began as an Octopode Artificer on Feb 16, 2016.
             Slain by a gnoll
             ... wielding a +0 spear
              (8 damage)
             ... on level 7 of the Dungeon.
             The game lasted 00:07:11 (4449 turns).

M4edhros the Covert (Octopode Artificer)            Turns: 4449, Time: 00:07:11

Health: -2/48      AC:  6    Str: 10    XL:     8   Next: 99%
Magic:  10/10      EV: 12    Int: 17    God:
Gold:   162        SH:  0    Dex: 12    Spells: 0 memorised, 7 levels left

rFire  . . .     SeeInvis .     h - +0 dagger (protect)
rCold  . . .     Gourm    .     (no shield)
rNeg   . . .     Faith    .     (helmet restricted)
rPois  .         Spirit   .     (no amulet)
rElec  .         Dismiss  .     (no ring)
rCorr  .         Reflect  .     (no ring)
SustAt .         Harm     .     (no ring)
MR     .....                    (no ring)
Stlth  ++++++++..               (no ring)
                                (no ring)
                                (no ring)
                                (no ring)

@: not resistant to hostile enchantments, extraordinarily stealthy
A: almost no armour, amphibious, 8 rings, constrict 8, camouflage 1, gelatinous
body 1
a: no special abilities


You were on level 7 of the Dungeon.
You were not hungry.

You visited 1 branch of the dungeon, and saw 7 of its levels.

You collected 162 gold pieces.

Inventory:

Hand Weapons
 h - a +0 dagger of protection (weapon)
 m - a +0 hunting sling
 v - a +3 quarterstaff of chaos
Missiles
 k - 5 steel tomahawks (quivered)
 r - 17 sling bullets
 s - 17 steel sling bullets
Jewellery
 u - an uncursed ring of protection from fire {unknown}
Wands
 b - a wand of flame (0/48)
 c - a wand of enslavement (5/24)
 d - a wand of random effects (2/48)
 q - a wand of flame (20/48)
Scrolls
 e - 5 scrolls of identify
 g - 3 scrolls of teleportation
 j - a scroll of recharging
 l - 3 scrolls of remove curse
 n - a scroll of noise
 o - a scroll of immolation
 p - a scroll of fog
Comestibles
 f - 3 bread rations
 i - a beef jerky
 t - 2 meat rations
 x - a slice of pizza


   Skills:
 - Level 1.0 Fighting
 - Level 1.0 Short Blades
 - Level 2.0 Dodging
 + Level 14.8 Stealth
 - Level 3.2 Evocations


You had 7 spell levels left.
You didn't know any spells.

Dungeon Overview and Level Annotations

Branches:
Dungeon (7/15)
 Temple: D:4-7

Altars:
Cheibriados
Dithmenos
Kikubaaqudgha
Nemelex Xobeh
Okawaru
Qazlal
Sif Muna
The Shining One

Annotations:
D:4 1 runed door, Liam's ghost, amateur DEWz
D:7 Duvessa


Innate Abilities, Weirdness & Mutations

You cannot wear most types of armour.
You are amphibious.
You can wear up to eight rings at the same time.
You can use your tentacles to constrict eight enemies at once.
Your skin changes colour to match your surroundings (Stealth).
Your rubbery body absorbs attacks (AC +1).


Message History

Anything else - Stay silent.
Gang up on whom?
Press: ? - help, Dir - move target cursor, f - crimson imp
Aim: a crimson imp Attack!
The gnoll hits you from afar with a spear!
* * * LOW HITPOINT WARNING * * *
The crimson imp hits you but does no damage.
What do you say? t - Shout!
Orders for allies: a - Attack new target. p - Attack previous target. r - Retreat! s - Stop attacking. w - Wait here. f - Follow me.
Anything else - Stay silent.
Gang up on whom?
Press: ? - help, Dir - move target cursor, f - gnoll, p - crimson imp
Aim: a gnoll, wielding a spear Attack!
The gnoll hits you from afar with a spear!
You die...

§... ..... #... ...###
#..###.... ##[.#....#
#...#.#..# #.......# #
#<......#
#...#####.##.##.####
#....gg@5.##.......#####
#..%#####.......##.#....
........#.##..#.##.#....
.......................
..####.).)###.##>#..).
#)...# #)##.#.... ♣)...♣
#....##### ♣♣...♣
#.....# ♣♣.♣♣ #.###.#


You could see a gnoll, a crimson imp and a friendly gnoll.

Vanquished Creatures
  Menkaure (D:4)
  A water moccasin (D:6)
  A swamp drake (D:4)
  A sky beast (D:5)
  3 centaurs
  A giant frog (D:6)
  2 gnoll sergeants
  Dowan (D:7)
  A scorpion (D:5)
  A crimson imp (D:7)
  A centaur zombie (D:6)
  A quasit (D:6)
  Crazy Yiuf (D:7)
  3 hounds (D:6)
  A giant frog skeleton (D:5)
  3 iguanas
  2 orc wizards
  4 worker ants
  6 gnolls
  4 adders
  A shadow imp (D:5)
  2 oozes
  2 adder zombies
  An adder skeleton (D:5)
  2 giant geckos
  15 orcs
  3 giant cockroaches
  3 goblins
  5 hobgoblins
  8 jackals
  A ball python (D:5)
  2 bats
  2 giant gecko skeletons (D:4)
  A giant gecko zombie (D:7)
  A giant newt (D:5)
  4 kobolds
  A quokka zombie (D:6)
  3 rats
96 creatures vanquished.

Vanquished Creatures (collateral kills)
  2 gnolls
  A gnoll shaman (D:7)
  A giant cockroach (D:2)
  3 jackals (D:2)
  A rat (D:2)
8 creatures vanquished.

Vanquished Creatures (others)
  A sky beast (D:7)
  A human (D:5)
  A worker ant (D:6)
  A giant gecko (D:6)
4 creatures vanquished.

Grand Total: 108 creatures vanquished

Notes
Turn   | Place    | Note
--------------------------------------------------------------
     0 | D:1      | M4edhros the Octopode Artificer began the quest for the Orb.
     0 | D:1      | Reached XP level 1. HP: 13/13 MP: 3/3
   213 | D:2      | Reached XP level 2. HP: 18/18 MP: 4/4
   279 | D:2      | Found an ancient bone altar of Kikubaaqudgha.
   377 | D:2      | Reached skill level 4 in Stealth
   400 | D:2      | Reached XP level 3. HP: 10/23 MP: 5/5
   438 | D:2      | HP: 1/23 [kobold (3)]
   859 | D:3      | Reached skill level 5 in Stealth
  1115 | D:4      | Reached XP level 4. HP: 21/28 MP: 6/6
  1117 | D:4      | Found a shadowy altar of Dithmenos.
  1271 | D:4      | Found a stormy altar of Qazlal.
  1383 | D:4      | Noticed a swamp drake
  1383 | D:4      | an orc wizard changed into a swamp drake
  1401 | D:4      | Noticed Menkaure
  1404 | D:4      | Killed Menkaure
  1404 | D:4      | Reached skill level 7 in Stealth
  1404 | D:4      | Reached XP level 5. HP: 33/33 MP: 7/7
  1421 | D:4      | Killed a swamp drake
  1421 | D:4      | Reached skill level 8 in Stealth
  1421 | D:4      | Reached XP level 6. HP: 25/38 MP: 8/8
  1469 | D:4      | Found a glowing golden altar of the Shining One.
  1469 | D:4      | Found a runed door.
  1469 | D:4      | Noticed an angel
  1469 | D:4      | Noticed Liam's ghost (amateur DEWz)
  1741 | D:4      | Reached skill level 9 in Stealth
  1913 | D:5      | Entered Level 5 of the Dungeon
  1961 | D:5      | Reached skill level 10 in Stealth
  1972 | D:5      | Reached XP level 7. HP: 43/43 MP: 9/9
  2238 | D:5      | Found an ancient bone altar of Kikubaaqudgha.
  2241 | D:5      | Noticed a human
  2242 | D:5      | Killed a human
  2244 | D:5      | Found a deep blue altar of Sif Muna.
  2269 | D:5      | Found an iron altar of Okawaru.
  2287 | D:5      | Reached skill level 11 in Stealth
  2839 | D:6      | Found a snail-covered altar of Cheibriados.
  2933 | D:6      | Reached skill level 12 in Stealth
  3001 | D:6      | Reached XP level 8. HP: 34/48 MP: 10/10
  3340 | D:6      | Reached skill level 13 in Stealth
  3814 | D:6      | Reached skill level 14 in Stealth
  3840 | D:6      | Found a sparkling altar of Nemelex Xobeh.
  4311 | D:7      | Noticed Duvessa
  4311 | D:7      | Noticed Dowan
  4347 | D:7      | Killed Dowan
  4359 | D:7      | Noticed Crazy Yiuf
  4370 | D:7      | Killed Crazy Yiuf
  4449 | D:7      | Slain by a gnoll

Vault maps used:
D:1:      evilmike_arrival_fibonacci_small, lemuel_flame_loot_1
D:2:      nicolae_overflow_hidden_temple, zin_scriptorium,
          kiku_gazebo_garden_becter
D:3:      nicolae_overflow_crystal_walls, nicolae_tso_carved_into_rock,
          lemuel_doored_altar, first_bread, uniq_iyjb, uniq_terence
D:4:      lemuel_round_altar, nicolae_dithmenos_shadow_blocks,
          minmay_misc_feat_five, minmay_misc_feat_enclosed, lemuel_angel_altar,
          uniq_menkaure
D:5:      kennysheep_mini_moat, okawaru_ov_weapons_minmay, tgw_kikubaaqudgha
D:6:      nemelex_xobeh_ov_fountains_minmay, overflow_temple_1_default
D:7:      minmay_temple_entry_glassed_door, uniq_duvessa,
          uniq_crazy_yiuf_cottage

Action                   |  1- 3 |  4- 6 |  7- 9 || total
-------------------------+-------+-------+-------++-------
Melee: Short sword       |    72 |    20 |       ||    92
       Dagger            |       |    19 |   176 ||   195
Evoke: Wand              |     5 |    14 |    20 ||    39
  Use: Potion            |       |     3 |     5 ||     8
       Scroll            |       |       |     8 ||     8
 Stab: Sleeping          |     8 |     8 |    13 ||    29
       Distracted        |       |       |     1 ||     1
  Eat: Chunk             |       |     3 |     8 ||    11
